 Dungeon Crawl Stone Soup version 0.28-a0-1032-ga8db75c868 (webtiles) character file.

Game seed: 4259966436233801227

53 GregHouse the Chopper (level 3, 0/33 HPs)
             Began as a Hill Orc Monk on Dec 7, 2021.
             Slain by Terence (3 damage)
             ... on level 1 of the Dungeon.
             The game lasted 00:05:46 (2598 turns).

GregHouse the Chopper (Hill Orc Monk)               Turns: 2598, Time: 00:05:46

Health: 0/33       AC:  5    Str: 15    XL:     3   Next: 89%
Magic:  3/3        EV: 11    Int: 10    God:
Gold:   49         SH:  0    Dex: 13    Spells: 2/2 levels left

rFire   . . .      SeeInvis .   a - +0 hand axe
rCold   . . .      Faith    .   (no shield)
rNeg    . . .      Spirit   .   j - +0 ring mail
rPois   .          Reflect  .   (no helmet)
rElec   .          Harm     .   (no cloak)
rCorr   .          Rampage  .   (no gloves)
Will    .....                   (no boots)
Stlth   +.........              (no amulet)
HPRegen 0.11/turn               (no ring)
MPRegen 0.08/turn               (no ring)

@: no status effects
A: no striking features
a: no special abilities


You were on level 1 of the Dungeon.
You visited 1 branch of the dungeon, and saw 2 of its levels.

You collected 49 gold pieces.

Inventory:

Hand Weapons
 a - a +0 hand axe (weapon)
Missiles
 i - 5 boomerangs (quivered)
Armour
 j - a +0 ring mail (worn)
Magical Staves
 b - a staff of poison
Scrolls
 e - a scroll of enchant armour {unknown}
 f - a scroll of identify
 g - a scroll of noise {unknown}
Potions
 d - 2 potions of flight
 h - 2 potions of attraction {unknown}


   Skills:
 + Level 4.3 Fighting
 + Level 4.9 Axes
 + Level 0.5 Armour
 + Level 2.8 Dodging
 + Level 1.8 Stealth


You had 2 spell levels left.
You didn't know any spells.
Your spell library was empty.

Dungeon Overview and Level Annotations

Branches:
Dungeon (2/15)

Altars:

Annotations:
D:1 Terence


Message History

HP restored.
Things that are here:
5 stones; a +0 whip
Things that are here:
a +0 leather armour; a +0 robe; a +0 short sword
There is a stone staircase leading down here.
You climb downwards.
Level annotation: Terence The gnoll closely misses you.
There is a stone staircase leading up here.
The gnoll hits you from afar with a +0 spear.
The gnoll closely misses you.
The gnoll hits you from afar with a +0 spear.
The gnoll closely misses you. Terence barely misses you.
You hit Terence but do no damage.
The gnoll hits you from afar with a +0 halberd!
The gnoll misses you. Terence misses you. Terence completely misses you.
The gnoll misses you.
The gnoll hits you from afar with a +0 spear!
Terence hits you but does no damage.
The gnoll hits you from afar with a +0 halberd!
* * * LOW HITPOINT WARNING * * *
There is a stone staircase leading up, spattered with blood here.
The gnoll misses you.
The gnoll hits you from afar with a +0 spear.
* * * LOW HITPOINT WARNING * * *
Terence closely misses you.
You climb upwards.
There is a stone staircase leading down, spattered with blood here.
As you read the scroll labelled PASTOV AVAKKAZ, it crumbles to dust.
It is a scroll of identify.
d - 2 potions of flight Terence hits you with a +0 flail.
* * * LOW HITPOINT WARNING * * *
Unknown command.
As you read the scroll labelled FARHAM RIKLEISU, it crumbles to dust.
The creatures around you are filled with an inner flame!
It was a scroll of immolation.
Terence hits you with a +0 flail.
You die...

..##.###...###......#########
...#.#....###.......#
...#...##........#.########
...#.........(......#.....##
..##.......................##
###.........................#
#...........................#
#..............(............#
#...............@)..........#
................@)..........#
...........................##
..............#.....#.....##
.#####..#.#.#..#######.#### ##
##.#.#............##
#######....##.#######...#
.....#..##....#.)......##########
.................#####.###......#


You could see Terence (inner flame).

Vanquished Creatures
  A gnoll (D:1)
  A dart slug (D:1)
  3 ball pythons (D:1)
  3 endoplasms
  A giant cockroach (D:1)
  4 goblins (D:1)
  5 hobgoblins (D:1)
  5 jackals
  3 kobolds
  A quokka (D:1)
  2 bats (D:1)
  4 frilled lizards (D:1)
  4 rats
37 creatures vanquished.

Notes
Turn   | Place    | Note
-------+----------+-------------------------------------------
     0 | D:1      | GregHouse the Hill Orc Monk began the quest for the Orb.
     0 | D:1      | Reached XP level 1. HP: 19/19 MP: 1/1
   106 | D:1      | Reached XP level 2. HP: 7/27 MP: 2/2
   786 | D:1      | Reached XP level 3. HP: 30/33 MP: 3/3
  2387 | D:2      | Noticed Terence
  2598 | D:1      | Slain by Terence

Illustrated notes

Levels and vault maps discovered:
D:1:      dpeg_arrival_three_smaller_balls, layout_rooms, minmay_tromino_v7
D:2:      layout_loops_ring, uniq_terence

Skill      XL: |  1  2 |
---------------+-------+-----
Fighting       | 4 |  4.3
Axes           | |  4.9
Armour         | |  0.5
Dodging        | |  2.8
Stealth        | |  1.8

Action                   || total
-------------------------++-------
Melee: Hand axe          ||   109
  Use: Scroll            ||     2
Armor: Robe              ||     3
       Leather armour    ||     7
       Ring mail         ||    40
Dodge: Dodged            ||    99

Table legend: (Time is in decaauts)
 A = Elapsed time spent in this place.
 B = Non-inter-level travel time spent in this place.
 C = Inter-level travel time spent in this place.
 D = Time resting spent in this place.
 E = Time spent auto-exploring this place.
 F = Levels seen in this place.
 G = Mean time per level.
                   A        B        C        D        E       F      G
               +--------+--------+--------+--------+--------+-----+--------+
         Total |   2616 |   2458 |    158 |   1646 |    428 |   2 | 1308.0 |
       Dungeon |   2616 |   2458 |    158 |   1646 |    428 |   2 | 1308.0 |
               +--------+--------+--------+--------+--------+-----+--------+

Top non-repeatable levels by time:
     D:1: 2511 daAuts
     D:2: 104 daAuts
